 Dungeon Crawl Stone Soup version 0.30-a0-571-gdf30a72648 (webtiles) character file.

Game seed: 2788332989456107116

27672 jfcaron the Severer (level 13, -6/113 HPs)
             Began as a Hill Orc Hunter on Dec 30, 2022.
             Was an Elder of Qazlal.
             Mangled by an anaconda simulacrum (13 damage)
             ... in an ice cave.
             The game lasted 00:43:23 (15435 turns).

jfcaron the Severer (Hill Orc Hunter)              Turns: 15435, Time: 00:43:24

Health: -6/113     AC: 23    Str: 19    XL:     13   Next: 33%
Magic:  22/22      EV:  4    Int:  9    God:    Qazlal [****..]
Gold:   685        SH: 12    Dex: 20    Spells: 12/12 levels left

rFire   . . .      SeeInvis .    a - +2 hand crossbow (drain)
rCold   + . .      Faith    .    n - +0 buckler
rNeg    . . .      Spirit   .    J - +0 crystal plate armour
rPois   .          Reflect  .    (no helmet)
rElec   .          Harm     .    w - +0 cloak
rCorr   .          Rampage  .    (no gloves)
Will    +....                    P - +0 pair of boots Stlth
                                 l - amulet of magic regeneration
HPRegen 0.38/turn                p - +6 ring of dexterity
MPRegen 0.58/turn                I - ring "Kaukunar" {rC+ Will+}

@: studying Throwing, repel missiles
A: no striking features
a: Renounce Religion, Upheaval, Elemental Force


You were in an ice cave.
You worshipped Qazlal.
Qazlal was greatly pleased with you.
You visited 2 branches of the dungeon, and saw 12 of its levels.
You also visited: Sewer, Bailey and Ice Cave.

You collected 964 gold pieces.
You spent 279 gold pieces at shops.

Inventory:

Hand Weapons
 a - a +2 hand crossbow of draining (weapon)
   (You acquired it on level 4 of the Dungeon)
 b - a +8 broad axe of protection
   (You took it off Maggie on level 7 of the Dungeon)
 o - a -1 demon whip of venom
   (You took it off Amaemon on level 8 of the Dungeon)
Missiles
 f - 119 stones
 h - 26 javelins
 i - 3 throwing nets {!f}
 m - 7 boomerangs
 t - 8 atropa-tipped darts {!f}
 C - 15 poisoned darts
 W - a curare-tipped dart {!f}
Armour
 n - a +0 buckler (worn)
 w - a +0 cloak (worn)
 J - a +0 crystal plate armour (worn)
 P - a +0 pair of boots (worn)
 V - a +2 chain mail of cold resistance
   (You took it off an orc warrior on level 9 of the Dungeon)
Magical Staves
 L - a staff of air
   (You found it in a bailey)
Jewellery
 l - an amulet of magic regeneration (around neck)
   (You found it on level 1 of the Dungeon)
 p - a +6 ring of dexterity (left hand)
   (You took it off an orc on level 3 of the Dungeon)
 v - a ring of fire
   (You found it on level 5 of the Dungeon)
 I - the ring "Kaukunar" (right hand) {rC+ Will+}
   (You acquired it in a sewer)

   [ring of protection from cold]

   rC:        It protects you from cold.
   Will:      It increases your willpower.
 M - a ring of resist corrosion
Wands
 r - a wand of digging (4)
 y - a wand of flame (37)
   (You found it on level 5 of the Dungeon)
 D - a wand of paralysis (2)
 S - a wand of polymorph (8)
Scrolls
 j - a scroll of torment
 k - 5 scrolls of teleportation
 q - 3 scrolls of immolation
 u - 4 scrolls of poison
 E - a scroll of butterflies
 R - a scroll of brand weapon
 X - a scroll of vulnerability
 Y - 4 scrolls of fog
Potions
 c - 5 potions of flight
 d - 9 potions of curing
 g - 3 potions of resistance
 s - 4 potions of lignification
 x - 4 potions of attraction
 z - a potion of magic
 A - 2 potions of mutation
 F - a potion of brilliance
 G - a potion of haste
 H - a potion of invisibility
 N - a potion of cancellation
 T - a potion of ambrosia
 Z - 2 potions of berserk rage


   Skills:
 + Level 10.0 Fighting
 - Level 18.0 Axes
 + Level 4.0 Ranged Weapons
 + Level 10.0 Armour
 + Level 2.1 Dodging
 - Level 1.0 Stealth
 + Level 7.0 Shields
 + Level 13.0 Invocations


You had 12 spell levels left.
You didn't know any spells.
Your spell library contained the following spells:

 Spells                   Type           Power      Damage    Failure   Level
 Freeze                   Ice            0%         1d3       100%        1
 Magic Dart               Conj           0%         1d3       100%        1
 Call Imp                 Summ           0%         N/A       100%        2
 Sublimation of Blood     Necr           0%         N/A       100%        2
 Wereblood                Tmut           0%         N/A       100%        2
 Frozen Ramparts          Ice            0%         1d1       100%        3
 Hailstorm                Conj/Ice       0%         3d3       100%        3
 Inner Flame              Hex/Fire       0%         N/A       100%        3
 Mephitic Cloud           Conj/Pois/Air  0%         N/A       100%        3
 Tukima's Dance           Hex            0%         N/A       100%        3
 Flame Wave               Conj/Fire      0%         2d4       100%        4
 Leda's Liquefaction      Hex/Erth       0%         N/A       100%        4
 Passage of Golubria      Tloc           0%         N/A       100%        4
 Petrify                  Tmut/Erth      0%         N/A       100%        4
 Sticky Flame             Conj/Fire      0%         2d3       100%        4
 Lee's Rapid Deconstruct  Erth           0%         3d4*      100%        5
 Metabolic Englaciation   Hex/Ice        0%         N/A       100%        5
 Yara's Violent Unravell  Hex/Tmut       0%         3d3       100%        5
 Statue Form              Tmut/Erth      0%         N/A       100%        6
 Summon Hydra             Summ           0%         N/A       100%        7


Dungeon Overview and Level Annotations

Branches:
Dungeon (10/15)            Temple (0/1) D:5            Lair (2/5) D:9
 Shoals (0/4) Lair:2       Spider (0/4) Lair:2        Sewer (visited)
 Bailey (visited)           IceCv (1/1)
    Orc: D:9-12

Altars:
Elyvilon
Kikubaaqudgha
Nemelex Xobeh
Okawaru
Qazlal
Sif Muna
Vehumet
Wu Jian

Shops:
D:10 :(?


Message History

Unknown command.
Unknown command.
As you read the scroll labelled FEVOSH RESALL, it crumbles to dust.
You hear a loud clanging noise!
You have identified the last scroll.
U - a scroll of blinking It was a scroll of noise.
You block the anaconda simulacrum's attack. x2
The anaconda simulacrum constricts you. You block the reaper's attack.
The anaconda simulacrum bites you but does no damage. x2
The anaconda simulacrum constricts you.
Blink to where?
Press: ? - help, Dir - move target, p - reaper You escape the anaconda simulacrum's grasp.
As you read the scroll of blinking, it crumbles to dust.
Okay, then.
Unknown command.
Your +8 broad axe of protection goes still.
You sense an unholy aura.
a - a +2 hand crossbow of draining (weapon)
Fire: a) +2 hand crossbow (drain)
Press: ? - help, Q - select action, (/) - cycle Shift-Dir - straight line, f - anaconda simulacrum
Aim: an anaconda simulacrum (inner flame, 69% to hit)
You shoot a bolt. The bolt barely misses the reaper.
The bolt hits the anaconda simulacrum.
Flame seeps out of the anaconda simulacrum.
The anaconda simulacrum is lightly damaged.
The anaconda simulacrum is engulfed in blazing flames.
Flame seeps out of the anaconda simulacrum.
The anaconda simulacrum is engulfed in blazing flames.
The anaconda simulacrum grabs you.
You block the anaconda simulacrum's attack.
The anaconda simulacrum constricts you.
* * * LOW HITPOINT WARNING * * *
You escape the anaconda simulacrum's grasp.
You block the anaconda simulacrum's attack.
The anaconda simulacrum bites you.
* * * LOW HITPOINT WARNING * * *
The anaconda simulacrum freezes you! You resist.
You die...

#..........###.#........
##..........#.........#
#...............#######
##............###
#..........### #######°
#.#....#.### ####§☼§§§°§
####..#####
###°§○5.§§#☼§
##...##.####.Z.○##☼°Z○○5
##..#.○○@Z#..2..##
°####.
#..##...#.°°..#....○..
#...######.°..###..#..
##...## #......##.....
##...# ##.........#.#.
##...# ##...###..#..##
#...## ##### .# ##...##
##.....##


You could see an anaconda simulacrum.

Vanquished Creatures
  Erica (D:8)
  A two-headed ogre (D:9)
  6 death yaks (Lair:2)
  A tengu warrior (D:10)
  Amaemon (D:8)
  A cyclops (D:9)
  2 ugly things (D:9)
  2 manticores (D:9)
  Maurice (D:8)
  2 black mambas
  An orange demon (D:8)
  2 ice statues (IceCv)
  2 cane toads
  A torpor snail (Lair:1)
  Maggie (D:7)
  3 rime drakes (Lair:2)
  A komodo dragon (D:10)
  A yaktaur (D:10)
  A kobold demonologist (D:9)
  A tengu conjurer (D:10)
  4 ice devils (IceCv)
  A polar bear (Lair:1)
  Grinder (D:3)
  2 dream sheep (Lair:1)
  A hornet (D:10)
  A vampire (D:8)
  4 culicivoras (Lair:2)
  3 wyverns
  A dire elephant simulacrum (IceCv)
  22 yaks
  2 basilisks
  2 steam dragons
  A harpy simulacrum (IceCv)
  2 acid dragons (D:9)
  3 water moccasins
  Edmund (D:6)
  17 orc warriors
  2 black bears
  An ice beast (D:6)
  An ogre (D:5)
  8 wolves
  13 centaurs
  3 phantoms
  3 kobold brigands
  8 bullfrogs
  A gnoll sergeant (D:6)
  2 necrophages
  2 two-headed ogre simulacra (IceCv)
  A cane toad simulacrum (IceCv)
  A scorpion (D:6)
  12 wights
  2 elephant simulacra (IceCv)
  10 killer bees
  A howler monkey (D:9)
  4 jellies (D:5)
  4 orc priests
  3 hounds
  Crazy Yiuf (D:2)
  3 gnoll boudas
  2 iguanas
  9 orc wizards
  2 troll simulacra (IceCv)
  Terence (D:2)
  A hell rat (Sewer)
  3 spriggan simulacra (IceCv)
  A wolf simulacrum (IceCv)
  A polar bear simulacrum (IceCv)
  18 gnolls
  4 adders
  2 naga simulacra (IceCv)
  A river rat (D:6)
  2 shadow imps (D:5)
  12 white imps (Lair:2)
  2 ufetubi
  6 worms
  A dart slug (D:1)
  46 orcs
  10 bats
  9 endoplasms
  5 giant cockroaches
  4 goblins
  14 hobgoblins
  13 jackals
  4 quokkas
  7 ball pythons
  2 frilled lizards
  12 kobolds
  9 rats
  3 fungi (Lair:2)
  57 plants
449 creatures vanquished.

Notes
Turn   | Place    | Note
-------+----------+-------------------------------------------
     0 | D:1      | jfcaron the Hill Orc Hunter began the quest for the Orb.
     0 | D:1      | Reached XP level 1. HP: 18/18 MP: 1/1
   123 | D:1      | Reached skill level 1 in Stealth
   142 | D:1      | Reached XP level 2. HP: 25/25 MP: 2/2
   545 | D:1      | Reached XP level 3. HP: 31/31 MP: 3/3
   764 | D:2      | Noticed Terence
   770 | D:2      | HP: 5/31 [Terence/+0 flail (12)]
   816 | D:2      | HP: 5/31 [rat (3)]
   924 | D:2      | Reached skill level 1 in Axes
  1148 | D:2      | Reached skill level 1 in Armour
  1151 | D:2      | Reached skill level 2 in Axes
  1273 | D:2      | Reached XP level 4. HP: 38/38 MP: 4/4
  1356 | D:2      | Found a runed translucent door.
  1357 | D:2      | Noticed Crazy Yiuf
  1475 | D:2      | Killed Terence
  1476 | D:2      | Reached skill level 3 in Axes
  1916 | D:2      | Found a stormy altar of Qazlal.
  1924 | D:2      | Became a worshipper of Qazlal Stormbringer
  2232 | D:3      | Noticed Grinder
  2251 | D:3      | Paralysed by Grinder for 3 turns
  2260 | D:3      | Paralysed by Grinder for 3 turns
  2263 | D:3      | HP: 5/38 [Grinder (5)]
  2269 | D:3      | Paralysed by Grinder for 2 turns
  2280 | D:3      | Paralysed by Grinder for 2 turns
  2288 | D:3      | Killed Grinder
  2289 | D:3      | Reached skill level 5 in Axes
  2289 | D:3      | Reached XP level 5. HP: 16/45 MP: 4/6
  2289 | D:3      | Reached XP level 6. HP: 18/51 MP: 4/7
  2551 | D:3      | Found a radiant altar of Vehumet.
  3276 | D:4      | Reached skill level 6 in Axes
  3276 | D:4      | Reached XP level 7. HP: 51/57 MP: 9/9
  3366 | D:4      | Identified a scroll of acquirement
  3366 | D:4      | Acquired a +2 hand crossbow of draining
  3675 | D:4      | Reached * piety under Qazlal
  4103 | D:5      | Entered Level 5 of the Dungeon
  4122 | D:5      | Found a staircase to the Ecumenical Temple.
  4223 | D:5      | Reached skill level 7 in Axes
  4278 | D:5      | Found a white marble altar of Elyvilon.
  4436 | D:5      | Found an iron altar of Okawaru.
  4668 | D:5      | Reached XP level 8. HP: 26/63 MP: 11/11
  4937 | D:5      | Reached skill level 8 in Axes
  5022 | D:6      | Noticed Edmund
  5025 | D:6      | Killed Edmund
  5026 | D:6      | Reached skill level 5 in Invocations
  5072 | D:6      | Reached skill level 5 in Armour
  5140 | D:6      | Found a glowing drain.
  5153 | Sewer    | Entered a sewer
  5189 | Sewer    | Reached ** piety under Qazlal
  5213 | Sewer    | Reached skill level 9 in Axes
  5283 | Sewer    | Acquired the ring "Kaukunar" {rC+ Will+}
  5772 | D:7      | Noticed a wyvern
  5821 | D:7      | Reached XP level 9. HP: 34/70 MP: 13/13
  5835 | D:7      | Reached skill level 10 in Axes
  5857 | D:7      | HP: 5/69 [wight/+5 flail (14)]
  5876 | D:7      | Found a flagged portal.
  5885 | Bailey   | Entered a bailey
  6219 | Bailey   | HP: 14/71 [orc warrior/+0 spear (7)]
  6229 | Bailey   | HP: 12/72 [orc warrior/+0 spear (6)]
  6430 | Bailey   | Reached skill level 11 in Axes
  6692 | Bailey   | Reached skill level 5 in Fighting
  7269 | Bailey   | Reached XP level 10. HP: 81/81 MP: 14/16
  7284 | Bailey   | Reached skill level 12 in Axes
  7868 | D:7      | Reached *** piety under Qazlal
  8129 | D:7      | Found an ornate altar of the Wu Jian Council.
  8132 | D:7      | Found a stormy altar of Qazlal.
  8134 | D:7      | Found an ancient bone altar of Kikubaaqudgha.
  8203 | D:7      | Noticed Maggie
  8211 | D:7      | Killed Maggie
  8287 | D:7      | Reached skill level 13 in Axes
  8411 | D:7      | Found a shimmering blue altar of Sif Muna.
  8981 | D:8      | Found a sparkling altar of Nemelex Xobeh.
  9000 | D:8      | Noticed Maurice
  9017 | D:8      | Killed Maurice
  9115 | D:8      | Noticed Amaemon
  9117 | D:8      | Noticed an orange demon
  9127 | D:8      | Killed Amaemon
  9128 | D:8      | Reached XP level 11. HP: 54/92 MP: 16/18
  9474 | D:8      | Noticed Erica
  9480 | D:8      | Killed Erica
  9481 | D:8      | Reached skill level 14 in Axes
  9783 | D:8      | Reached **** piety under Qazlal
 10058 | D:9      | Found a staircase to the Lair.
 10106 | D:9      | HP: 12/91 [acid dragon/splash of acid (8)]
 10535 | D:9      | Noticed a manticore
 10540 | D:9      | Killed a manticore
 10541 | D:9      | Reached skill level 10 in Armour
 10541 | D:9      | Noticed a cyclops
 10567 | D:9      | Killed a cyclops
 10568 | D:9      | Reached skill level 10 in Invocations
 10572 | D:9      | Noticed a cyan ugly thing
 10578 | D:9      | Identified the +1 ring mail of Sharp Happiness {Fly rPois}
 10581 | D:9      | Killed a cyan ugly thing
 10582 | D:9      | Noticed a manticore
 10596 | D:9      | Killed a manticore
 10854 | D:9      | Noticed a two-headed ogre
 10870 | D:9      | Killed a two-headed ogre
 10871 | D:9      | Reached skill level 15 in Axes
 11117 | D:9      | Noticed a sixfirhy
 11205 | D:9      | Noticed a red ugly thing
 11216 | D:9      | Killed a red ugly thing
 11659 | D:10     | Entered Level 10 of the Dungeon
 11728 | D:10     | Reached XP level 12. HP: 45/103 MP: 20/20
 12172 | D:10     | Found Pumeg's Book Shoppe.
 12306 | D:10     | Noticed Urug
 12307 | D:10     | Urug changed into Urug the yaktaur
 12307 | D:10     | Noticed Urug
 12319 | D:10     | Killed Urug the yaktaur
 12820 | D:10     | Found Cekhavuum's Weapon Shop.
 12915 | D:10     | Found Rieh's Magic Scroll Emporium.
 12923 | D:10     | Bought a scroll of brand weapon for 123 gold pieces
 12938 | D:10     | Bought a scroll of fog for 52 gold pieces
 12938 | D:10     | Bought a scroll of identify for 26 gold pieces
 12938 | D:10     | Bought a scroll of teleportation for 39 gold pieces
 12938 | D:10     | Bought a scroll of teleportation for 39 gold pieces
 12985 | D:10     | Noticed a tengu warrior
 12999 | D:10     | Killed a tengu warrior
 13000 | D:10     | Reached skill level 16 in Axes
 13478 | D:2      | Killed Crazy Yiuf
 13629 | Lair:1   | Entered Level 1 of the Lair of Beasts
 13645 | Lair:1   | Reached skill level 1 in Shields
 14582 | Lair:2   | Reached skill level 10 in Fighting
 14582 | Lair:2   | Reached skill level 17 in Axes
 14584 | Lair:2   | Noticed a death yak
 14589 | Lair:2   | Noticed a death yak
 14595 | Lair:2   | Noticed a death yak
 14597 | Lair:2   | Killed a death yak
 14598 | Lair:2   | Reached skill level 5 in Shields
 14600 | Lair:2   | Noticed a death yak
 14603 | Lair:2   | Noticed a death yak
 14603 | Lair:2   | HP: 20/106 [death yak (10)]
 14608 | Lair:2   | Noticed a death yak
 14610 | Lair:2   | Killed a death yak
 14612 | Lair:2   | HP: 21/106 [death yak (9)]
 14612 | Lair:2   | HP: 5/106 [death yak (16)]
 14613 | Lair:2   | Reached XP level 13. HP: 6/113 MP: 17/22
 14646 | Lair:2   | Found a hole to the Spider Nest.
 14679 | Lair:2   | Found a frozen archway.
 14683 | Lair:2   | HP: 22/113 [rime drake/icy flash freeze (10)]
 14713 | IceCv    | Entered an ice cave
 15004 | IceCv    | Reached skill level 18 in Axes
 15420 | IceCv    | Identified the ring of Pufeasoa {Ice Will- Str+4}
 15420 | IceCv    | Noticed a reaper
 15430 | IceCv    | HP: 22/113 [reaper/+0 scythe of freezing (23)]
 15435 | IceCv    | HP: 7/113 [anaconda simulacrum (6)]
 15435 | IceCv    | Mangled by an anaconda simulacrum

Illustrated notes

Levels and vault maps discovered:
D:1:      nzn_arrival_water_spiral, layout_loops_ring, grunt_decor_arrowhead
D:2:      layout_basic, serial_bayou, serial_bayou_shore_a, serial_bayou_pond_a,
          serial_bayou_pond_b, serial_bayou_lake_a, basic_altar,
          kennysheep_generic_room_5, uniq_terence, uniq_crazy_yiuf_cottage
D:3:      layout_basic, nicolae_vehumet_radiance, uniq_grinder
D:4:      layout_loops_ring
D:5:      layout_basic, mainiacjoe_overflow_catch_the_wave,
          minmay_temple_entry_grid
D:6:      layout_basic, gup_sewer_entry_bowl, uniq_edmund
D:7:      layout_gridville, tgw_sif, grunt_temple_overflow_open, enter_bailey_1,
          kennysheep_big_empty_room, minmay_manual_macuahuitl, uniq_maggie
D:8:      layout_basic, nemelex_xobeh_ov_fountains_minmay,
          minmay_misc_feat_five, kennysheep_generic_room_11, uniq_amaemon,
          uniq_maurice, uniq_erica
D:9:      minmay_bloctagon, layout_basic, lair_entry_dummy
D:10:     layout_basic, serial_shops, nicolae_square_shop,
          nicolae_shop_statue_plus, nicolae_square_shop, uniq_urug
Lair:1:   layout_gridlike, lemuel_fruit_fields
Lair:2:   layout_roguey, minmay_shoals_entry_hut,
          hellmonk_spider_entry_life_and_decay, portal_ice_cave_entry_imps
IceCv:    ice_cave_small_demon

Skill      XL: |  1  2  3  4  5  6  7  8  9 10 11 12 13 |
---------------+----------------------------------------+-----
Stealth        | 1 |  1.0
Fighting       | 3 5 7 8 10 | 10.0
Dodging        | 2 |  2.1
Ranged Weapons | 4 |  4.0
Axes           | 2 5 6 7 9 11 13 15 17 18 | 18.0
Armour         | 1 2 3 4 5 7 9 10 | 10.0
Invocations    | 2 3 4 6 8 9 10 12 13 | 13.0
Shields        | 5 7 |  7.0

Action                   |  1- 3 |  4- 6 |  7- 9 | 10-12 | 13-15 || total
-------------------------+-------+-------+-------+-------+-------++-------
Melee: War axe           |       |    56 |   129 |   324 |       ||   509
       Punch             |       |       |       |     5 |       ||     5
       Broad axe         |       |       |       |   121 |   100 ||   221
 Fire: Shortbow          |   112 |   121 |       |       |       ||   233
       Hand crossbow     |       |       |   170 |   137 |    17 ||   324
Invok: Upheaval          |       |       |     4 |     8 |     3 ||    15
Evoke: Wand              |       |       |     2 |     5 |     2 ||     9
  Use: Potion            |       |     2 |     6 |     5 |     2 ||    15
       Scroll            |       |       |    22 |    17 |     3 ||    42
 Stab: Paralysed         |       |       |       |     2 |       ||     2
Armor: Leather armour    |     6 |       |       |       |       ||     6
       Ring mail         |     4 |    15 |       |       |       ||    19
       Skin              |       |    10 |       |    46 |       ||    56
       Scale mail        |       |    20 |    78 |       |       ||    98
       Chain mail        |       |       |    16 |       |       ||    16
       Crystal plate arm |       |       |    13 |   370 |    56 ||   439
       Plate armour      |       |       |     1 |       |       ||     1
Dodge: Dodged            |    55 |    70 |   100 |    92 |     5 ||   322
       Repelled          |       |       |       |       |     1 ||     1
Block: Other             |       |       |    13 |    65 |       ||    78
       Buckler           |       |       |       |    53 |    47 ||   100

Table legend: (Time is in decaauts)
 A = Elapsed time spent in this place.
 B = Non-inter-level travel time spent in this place.
 C = Inter-level travel time spent in this place.
 D = Time resting spent in this place.
 E = Time spent auto-exploring this place.
 F = Levels seen in this place.
 G = Mean time per level.
                   A        B        C        D        E       F      G
               +--------+--------+--------+--------+--------+-----+--------+
         Total |  15853 |  14907 |    946 |   4143 |   7404 |  15 | 1056.9 |
       Dungeon |  12041 |  11135 |    906 |   2537 |   6453 |  10 | 1204.1 |
          Lair |   1062 |   1022 |     40 |    104 |    701 |   2 |  531.0 |
         Sewer |    145 |    145 |      0 |     29 |     72 |   1 |  145.0 |
        Bailey |   1884 |   1884 |      0 |    937 |    153 |   1 | 1884.0 |
      Ice Cave |    719 |    719 |      0 |    536 |     24 |   1 |  719.0 |
               +--------+--------+--------+--------+--------+-----+--------+

Top non-repeatable levels by time:
  Bailey: 1884 daAuts
     D:2: 1643 daAuts
    D:10: 1617 daAuts
     D:8: 1600 daAuts
     D:9: 1403 daAuts
     D:7: 1290 daAuts
     D:3: 1203 daAuts
  Lair:1: 933 daAuts
     D:4: 923 daAuts
     D:5: 916 daAuts
     D:6: 748 daAuts
   IceCv: 719 daAuts
     D:1: 694 daAuts
   Sewer: 145 daAuts
  Lair:2: 129 daAuts

Table legend:
 A = Kills in this place as a percentage of kills in entire the game.
 B = Kills by you in this place as a percentage of kills by you in the entire game.
 C = Kills by friends in this place as a percentage of kills by friends in the entire game.
 D = Other kills in this place as a percentage of other kills in the entire game.
 E = Experience gained in this place as a percentage of experience gained in the entire game.
 F = Experience gained in this place divided by the number of levels of this place that you have seen.
                   A       B       C       D       E      F
               +-------+-------+-------+-------+-------+----------------------
         Total | 100.0 | 100.0 |   N/A |   N/A | 100.0 | 2635.5
       Dungeon |  65.3 |  65.3 |   N/A |   N/A |  46.5 | 1836.3
          Lair |  16.7 |  16.7 |   N/A |   N/A |  38.9 | 7690.5
         Sewer |   1.5 |   1.5 |   N/A |   N/A |   0.1 |  37.0
        Bailey |  10.5 |  10.5 |   N/A |   N/A |   6.5 | 2564.0
      Ice Cave |   5.9 |   5.9 |   N/A |   N/A |   8.1 | 3187.0
               +-------+-------+-------+-------+-------+----------------------
